 Dungeon Crawl Stone Soup version 0.21-a0-140-g479285b (webtiles) character file.

597 Leszczynek the Slasher (level 7, 6/59 HPs)
             Began as a Hill Orc Arcane Marksman on July 21, 2017.
             Was an Initiate of the Shining One.
             Quit the game on level 7 of the Dungeon.
             The game lasted 00:14:10 (2651 turns).

Leszczynek the Slasher (Hill Orc Arcane Marksman)   Turns: 2651, Time: 00:14:11

Health: 6/59       AC:  5    Str: 20    XL:     7   Next: 40%
Magic:  8/8        EV: 16    Int: 13    God:    the Shining One [......]
Gold:   223        SH:  0    Dex: 16    Spells: 8/8 levels left

rFire    . . .     SeeInvis .   b - +0 long sword
rCold    . . .     Gourm    .   (no shield)
rNeg     . . .     Faith    .   n - +0 ring mail
rPois    .         Spirit   .   (no helmet)
rElec    .         Reflect  .   (no cloak)
rCorr    .         Harm     .   (no gloves)
MR       .....                  (no boots)
Stlth    +.........             (no amulet)
HPRegen  0.19/turn              e - ring of loudness (curse)
MPRegen  0.11/turn              (no ring)

@: mighty, agile, lethally poisoned (6 -> -6), glowing
A: no striking features
a: Renounce Religion


You were on level 7 of the Dungeon.
You worshipped the Shining One.
The Shining One was noncommittal.
You were not hungry.

You visited 2 branches of the dungeon, and saw 8 of its levels.

You collected 223 gold pieces.

Inventory:

Hand Weapons
 a - a +0 hand crossbow
 b - a +0 long sword (weapon)
Missiles
 f - 27 bolts
 l - 3 tomahawks of returning (quivered)
Armour
 i - a +0 shield
 n - a +0 ring mail (worn)
 r - a +0 chain mail
Jewellery
 e - a cursed ring of loudness (left hand)
Scrolls
 c - a scroll of fear
 h - a scroll of blinking
 m - 2 scrolls of immolation {!r}
 t - a scroll of identify {@r1}
 u - a scroll of remove curse {@r2}
Potions
 g - a potion of flight
Comestibles
 d - 2 bread rations
 j - 6 fruits
 o - 3 meat rations
 p - 3 royal jellies


   Skills:
 + Level 4.1 Fighting
 * Level 7.1 Long Blades
   Level 2.4 Axes
 - Level 1.7 Crossbows
 - Level 1.5 Dodging
 - Level 1.0 Spellcasting
   Level 3.0 Hexes


You had 8 spell levels left.
You didn't know any spells.

Dungeon Overview and Level Annotations

Branches:
Dungeon (7/15)             Temple (1/1) D:7

Altars:
Ashenzari
Cheibriados
Dithmenos
Elyvilon
Fedhas
Hepliaklqana
Kikubaaqudgha
Makhleb
Nemelex Xobeh
Okawaru
Qazlal
Ru
Sif Muna
Uskayaw
Vehumet
Wu Jian
Xom
Yredelemnul
Zin
The Shining One

Shops:
D:4 (


Message History

You feel sick. The killer bee stings you.
There is an open door here.
The killer bee stings you.
* * * LOW HITPOINT WARNING * * *
It was a potion of might.
You feel very mighty all of a sudden.
You feel sick. The killer bee misses you.
You riposte.
You slash the killer bee!
The killer bee is heavily wounded.
The killer bee stings you.
* * * LOW HITPOINT WARNING * * *
You are lethally poisoned!
The killer bee poisons you!
As you read the scroll of fear, it crumbles to dust.
You assume a fearsome visage.
The ogre looks frightened!
The killer bee looks frightened!
* * * LOW HITPOINT WARNING * * *
You feel sick.
Unknown command.
Are you sure you want to abandon this character and quit the game? (Confirm with "yes".)

#######..###.##.#
#...#...........# ## ...
...........# #.####.#
#########..#
#######...##.###..######'###
#.....#...........y....#...+
#.....#.........O......+...#
#.....##'#######'#.......#'#
#....<#.......)@.#≈≈≈.≈≈≈#.#####
#.....#..........#≈#≈.≈#≈#....#.
####'###..........#≈≈≈.≈≈≈#.y..#.
#.................#≈≈≈.≈≈≈#....#.
#.................#≈#≈.≈#≈#....#.
#.................#≈≈≈.≈≈≈#....#.
#.................#≈≈≈.≈≈≈##..##.
#####'###+#########≈#≈.≈#≈##..##.
#...............##≈≈≈.≈≈≈#....'y


You could see an ogre (fleeing) and a killer bee (fleeing).

Vanquished Creatures
  An ogre (D:4)
  A phantom (D:6)
  2 killer bees (D:7)
  A howler monkey (D:5)
  2 hounds
  An orc priest (D:6)
  3 iguanas
  2 worker ants
  A hound skeleton (D:5)
  A gnoll (D:1)
  2 adders
  An ooze (D:4)
  2 adder skeletons (D:6)
  A worm (D:6)
  5 orcs
  2 bats
  A giant cockroach (D:4)
  A goblin (D:1)
  3 hobgoblins (D:1)
  A jackal (D:4)
  A ball python (D:3)
  2 frilled lizards (D:5)
  2 kobolds
  2 leopard gecko skeletons
  A quokka zombie (D:5)
  3 rats
45 creatures vanquished.

Notes
Turn   | Place    | Note
-------+----------+-------------------------------------------
     0 | D:1      | Leszczynek the Hill Orc Arcane Marksman began the quest for the Orb.
     0 | D:1      | Reached XP level 1. HP: 16/16 MP: 2/2
    95 | D:1      | Reached skill level 2 in Fighting
   180 | D:1      | Reached skill level 1 in Axes
   180 | D:1      | Reached XP level 2. HP: 18/24 MP: 3/3
   248 | D:1      | Reached skill level 2 in Axes
   336 | D:4      | Found Recah's Antique Weapon Boutique.
   344 | D:4      | demon blade and lajatang, both with egos
   344 | D:4      | +1 in long blades
   344 | D:4      | hm
   347 | D:4      | Found a sacrificial altar of Ru.
   347 | D:4      | Found a shimmering altar of Xom.
   347 | D:4      | Found a basalt altar of Yredelemnul.
   379 | D:5      | Entered Level 5 of the Dungeon
   407 | D:5      | Noticed a howler monkey
   415 | D:5      | Killed a howler monkey
   415 | D:5      | Reached skill level 3 in Fighting
   415 | D:5      | Reached XP level 3. HP: 19/33 MP: 4/4
   415 | D:5      | Reached XP level 4. HP: 23/40 MP: 5/5
   426 | D:5      | Found a hide-covered altar of Uskayaw.
   459 | D:5      | Noticed a necrophage
   523 | D:4      | Found an ornate altar of the Wu Jian Council.
   632 | D:4      | Reached skill level 1 in Long Blades
   669 | D:4      | Noticed an ogre
   688 | D:4      | Killed an ogre
   688 | D:4      | Reached skill level 3 in Long Blades
   688 | D:4      | Reached XP level 5. HP: 33/46 MP: 6/6
   715 | D:4      | Reached skill level 4 in Long Blades
   772 | D:4      | Reached XP level 6. HP: 20/52 MP: 7/7
   929 | D:5      | Noticed a sky beast
  1078 | D:3      | Found an ancient bone altar of Kikubaaqudgha.
  1292 | D:3      | Found a radiant altar of Vehumet.
  1649 | D:5      | Reached skill level 5 in Long Blades
  1818 | D:6      | Noticed a phantom
  1886 | D:6      | Killed a phantom
  2036 | D:6      | Reached skill level 6 in Long Blades
  2109 | D:6      | Found a blossoming altar of Fedhas.
  2190 | D:6      | Reached XP level 7. HP: 36/58 MP: 8/8
  2490 | D:7      | Found a staircase to the Ecumenical Temple.
  2494 | Temple   | Entered the Ecumenical Temple
  2533 | Temple   | Became a worshipper of the Shining One
  2634 | D:7      | Reached skill level 4 in Fighting
  2634 | D:7      | Reached skill level 7 in Long Blades
  2649 | D:7      | HP: 11/59 [poisoned by a killer bee]
  2651 | D:7      | Quit the game

Vault maps used:
D:1:      sevenhm_arrival_forest_fort_large_2
D:3:      fiery_altar_vehumet, lemuel_crystal_altar, kiku_gazebo_pond_becter,
          nicolae_ru_the_path_less_chosen
D:4:      kennysheep_mini, gammafunk_temple_overflow_forgotten, first_bread,
          serial_shops, shop, kennysheep_potato
D:5:      eat_drink_and_be_merry_uskayaw
D:6:      overflow_temple_1_default
D:7:      temple_hall_moat, enter_bailey_3, the_bakery, uniq_menkaure
Temple:   nicolae_temple_god_jail

Skill      XL: |  1  2  3  4  5  6  7 |
---------------+----------------------+-----
Fighting       | 2 3 4 |  4.1
Axes           | 1 2 |  2.4
Long Blades    | 3 4 6 7 |  7.1
Crossbows      | |  1.7
Dodging        | |  1.5
Spellcasting   | |  1.0
Hexes          | |  3.0

Action                   |  1- 3 |  4- 6 |  7- 9 || total
-------------------------+-------+-------+-------++-------
Melee: Hand axe          |       |     2 |       ||     2
       Long sword        |       |   112 |    33 ||   145
 Fire: Hand crossbow     |    29 |    45 |     6 ||    80
  Use: Scroll            |       |     8 |     1 ||     9
       Potion            |       |     3 |     2 ||     5
  Eat: Chunk             |       |     3 |     2 ||     5
       Fruit             |       |     1 |       ||     1
Armor: Robe              |     2 |       |       ||     2
       Ring mail         |       |    20 |     9 ||    29
       Chain mail        |       |    26 |       ||    26
       Skin              |       |     9 |       ||     9
Dodge: Dodged            |     7 |    69 |    26 ||   102
       Rpst.: Long sword |       |    16 |     9 ||    25
